 Dungeon Crawl Stone Soup version 0.31.0-11-ge490571c62 (webtiles) character file.

Game seed: 16012974954039305187

282 qw the Shooter (level 6, 0/31 HPs)
             Began as a Spriggan Hunter on Feb 5, 2024.
             Incinerated by a bombardier beetle (5 damage)
             ... with a burning spray
             ... on level 4 of the Dungeon.
             The game lasted 00:00:58 (2840 turns).

qw the Shooter (Spriggan Hunter)                    Turns: 2840, Time: 00:00:58

Health: 0/31       AC:  2    Str:  7      XL:     6   Next: 6%
Magic:  7/7        EV: 20    Int: 10      God:
Gold:   178        SH:  0    Dex: 18 (21) Spells: 5/5 levels left

rFire   . . .        a - +0 shortbow
rCold   . . .        (shield currently unavailable)
rNeg    . . .        c - +0 robe
rPois   .            (helmet restricted)
rElec   .            (no cloak)
rCorr   .            (gloves unavailable)
SInv    +            (boots unavailable)
Will    +....        (no amulet)
Stlth   +            (no ring)
HPRegen 0.25/turn    (no ring)
MPRegen 0.10/turn

%: no passive effects
@: on fire, glowing, very quick
A: very small, no large weapons, unfitting armour, see invisible, speed 3
a: no special abilities


You were on level 4 of the Dungeon.
You visited 1 branch of the dungeon, and saw 4 of its levels.

You collected 178 gold pieces.


Innate Abilities, Weirdness & Mutations

You are very small and have problems with some larger weapons.
You are too small for most types of armour.
You have supernaturally acute eyesight. (SInv)
You cover ground extremely quickly. (Speed+++)


   Skills:
 - Level 2.3 Fighting
 - Level 6.0 Ranged Weapons
 + Level 5.3 Dodging
 - Level 1.5 Stealth


You had 5 spell levels left.
You didn't know any spells.
Your spell library was empty.

Inventory:

Hand Weapons
 a - a +0 shortbow (weapon)
Armour
 c - a +0 robe (worn)
Jewellery
 k - a ring of fire
Wands
 e - a wand of flame (12)
Scrolls
 g - 3 scrolls of teleportation
Potions
 d - a potion of heal wounds
 f - 4 potions of curing
 i - a potion of cancellation
 j - a potion of enlightenment {unknown}

Dungeon Overview and Level Annotations

Branches:
Dungeon (4/15)
 Temple: D:4-7

Altars:
Ashenzari
Dithmenos
Sif Muna


Message History

2830 ||| RETREEEEATING.
You shoot an arrow. The arrow hits the jelly.
The jelly is severely wounded.
The jelly barely misses you.
You shoot an arrow. The arrow hits the jelly.
The jelly is severely wounded.
The jelly barely misses you.
The bombardier beetle sprays incendiary fluid at you.
The burning spray hits you.
You are covered in liquid fire!
You shoot an arrow. The arrow hits the jelly!
You kill the jelly!
The liquid fire burns you!
You feel your strength returning.
Your Ranged Weapons skill increases to level 6!
You shoot an arrow.
The arrow hits the bombardier beetle but does no damage.
The liquid fire burns you!
You shoot an arrow.
The arrow completely misses the bombardier beetle.
The liquid fire burns you!
The bombardier beetle sprays incendiary fluid at you.
The burning spray hits you.
You are even more covered in liquid fire!
You shoot an arrow. The arrow hits the bombardier beetle.
The bombardier beetle is moderately wounded.
The liquid fire burns you!
The bombardier beetle closely misses you.
You shoot an arrow. The arrow hits the bombardier beetle!
The bombardier beetle is severely wounded.
The liquid fire burns you!
You shoot an arrow. The arrow hits the bombardier beetle!
You kill the bombardier beetle!
The liquid fire burns you!
You have reached level 6!
You are on fire!
The liquid fire burns you!
You are on fire!
The liquid fire burns you!
You die...

... #s .... . ....
.# ..... . ...## .#
. #... #!# ..
#$.#)# .#..
#..###..... ..
##.@......#
....#####..####..#
...........####
..####..........
#######........###.
#....##.#.........
#.......#..........
#......##.....[###.
#....#...........


There were no monsters in sight!

Vanquished Creatures
  A bombardier beetle (D:4)
  A jelly (D:4)
  An orc priest (D:4)
  A hound (D:4)
  An iguana (D:4)
  5 adders
  A dart slug (D:1)
  4 ribbon worms
  5 orcs (D:3)
  7 bats
  5 endoplasms
  5 giant cockroaches
  9 goblins
  5 hobgoblins (D:1)
  7 kobolds
  5 quokkas
  A ball python (D:2)
  4 frilled lizards
  7 rats (D:2)
75 creatures vanquished.

Notes
Turn   | Place    | Note
-------+----------+-------------------------------------------
     0 | D:1      | qw the Spriggan Hunter began the quest for the Orb.
     0 | D:1      | Reached XP level 1. HP: 10/10 MP: 2/2
     0 | D:1      | 0 ||| qw: Version: 0.3-a-160-g6735b56
     0 | D:1      | 0 ||| qw: Game counter: 6346
     0 | D:1      | 0 ||| qw: Melee chars always use a shield: true
     0 | D:1      | 0 ||| qw: God list: Okawaru
     0 | D:1      | 0 ||| qw: Allow faded altars: false
     0 | D:1      | 0 ||| qw: Do Orc after clearing Dungeon:15 true
     0 | D:1      | 0 ||| qw: Do second Lair branch before Depths: true
     0 | D:1      | 0 ||| qw: Lair rune preference: random
     0 | D:1      | 0 ||| qw: Goals: Normal
     0 | D:1      | 0 ||| PLANNING D:1-11
    66 | D:1      | Reached skill level 3 in Dodging
   165 | D:1      | Reached XP level 2. HP: 14/14 MP: 3/3
   677 | D:1      | Reached XP level 3. HP: 18/18 MP: 4/4
   752 | D:1      | 752 ||| READING 3 scrolls labelled ZUM KEGERU.
   752 | D:1      | 752 ||| IDENTIFYING cyan potion
   753 | D:1      | 753 ||| READING 2 scrolls of identify.
   753 | D:1      | 753 ||| IDENTIFYING fizzy green potion
   754 | D:1      | 754 ||| READING scroll of identify.
   754 | D:1      | 754 ||| IDENTIFYING smoky red potion
   755 | D:1      | 755 ||| READING 3 scrolls labelled USIPAE DIOV.
   759 | D:1      | 759 ||| READING scroll labelled QISYACOTIEC.
   760 | D:1      | 760 ||| READING scroll labelled WOWEMA PUTI.
   761 | D:1      | 761 ||| DRINKING 2 fuming emerald potions.
   762 | D:1      | 762 ||| DROPPING scroll of butterflies.
   763 | D:1      | 763 ||| DROPPING potion of brilliance.
  1415 | D:2      | Reached skill level 5 in Ranged Weapons
  1641 | D:2      | 1641 ||| READING scroll labelled BEWKOUPHUU.
  1641 | D:2      | 1641 ||| ENCHANTING +0 shortbow.
  1642 | D:2      | 1642 ||| READING scroll labelled NEENERHO ULE.
  1758 | D:3      | Reached XP level 4. HP: 22/22 MP: 5/5
  2033 | D:3      | Found a broken altar of Ashenzari.
  2153 | D:3      | Found a shimmering blue altar of Sif Muna.
  2331 | D:3      | Found a shadowy altar of Dithmenos.
  2540 | D:3      | 2540 ||| READING scroll of identify.
  2540 | D:3      | 2540 ||| IDENTIFYING lumpy pink potion
  2541 | D:3      | 2541 ||| READING scroll labelled TABESTAFUL.
  2542 | D:3      | 2542 ||| DRINKING 2 amethyst potions.
  2543 | D:3      | 2543 ||| DROPPING potion of attraction.
  2544 | D:3      | 2544 ||| DROPPING potion of degeneration.
  2579 | D:4      | 2579 ||| STAIRDANCE
  2586 | D:4      | 2586 ||| STAIRDANCE
  2672 | D:4      | Reached XP level 5. HP: 11/27 MP: 6/6
  2830 | D:4      | 2830 ||| RETREEEEATING.
  2834 | D:4      | Reached skill level 6 in Ranged Weapons
  2839 | D:4      | Reached XP level 6. HP: 8/31 MP: 7/7
  2839 | D:4      | HP: 4/31 [burnt (4)]
  2840 | D:4      | Incinerated by a bombardier beetle

Levels and vault maps discovered:
D:1:      psy_arrival_conway, layout_basic, glass_columns_a
D:2:      layout_loops_cross, serial_forest, infiniplex_forest_3_way,
          infiniplex_forest_lined_2, infiniplex_forest_clump_long,
          infiniplex_forest_end_2, infiniplex_forest_straight_4,
          infiniplex_forest_clump_small, infiniplex_forest_straight_5,
          infiniplex_forest_lined_4_way, infiniplex_forest_diagonal
D:3:      layout_loops_cross, grunt_dithmenos_smoke, led_sif_pool,
          nicolae_ashenzari_panopticon
D:4:      layout_rooms, minmay_temple_entry_from_below_b, nrook_mini_vaults,
          minmay_ruined_shrine

Skill      XL: |  1  2  3  4  5 |
---------------+----------------+-----
Dodging        | 3 4 5 |  5.3
Ranged Weapons | 5 6 |  6.0
Fighting       | 2 |  2.3
Stealth        | |  1.5

Action                     |  1- 3 |  4- 6 || total
---------------------------+-------+-------++-------
   Fire: Shortbow          |   102 |   127 ||   229
    Use: Scroll            |     8 |     2 ||    10
         Potion            |     1 |     1 ||     2
 Armour: Robe              |     8 |    19 ||    27
  Dodge: Dodged            |    22 |    90 ||   112

Table legend:
 A = Non-vault XP
 B = Vault XP
 C = Vault XP percentage of total XP
 D = Non-vault monster count
 E = Vault monster count
 F = Vault count percentage of total count
                 A         B        C        D         E       F
            +---------+---------+-------+---------+---------+-------
      Total |     291 |     113 |  28.0 |      69 |       6 |   8.0
            +---------+---------+-------+---------+---------+-------
        D:1 |      43 |       0 |   0.0 |      24 |       0 |   0.0
        D:2 |      53 |       0 |   0.0 |      23 |       0 |   0.0
        D:3 |      75 |       0 |   0.0 |      19 |       0 |   0.0
        D:4 |     120 |     113 |  48.5 |       3 |       6 |  66.7
            +---------+---------+-------+---------+---------+-------
